AoeStats
← Noobtoob

Arena

504140112Analyzed
4v4 RM · 29d ago on Sep 4, 2026· 50m 1s· 8 players
Game mode
Random Map
Map size
Large (8 player)
Population
200
Speed
Normal
Resources
Standard
Victory
Conquest
Starting age
Dark Age
Ending age
Imperial Age
RankedLock teamsTeams togetherTeam positionsShared explorationLock speedFull tech treeHidden civsTurbo modeCheats
Victory
Defeat
932
+9
🇺🇸 Magyars · United States
876
+11
🇵🇪 Bohemians · Peru
838
+12
🇧🇷 Khmer · Brazil
825
+13
🇺🇸 Burgundians · United States
842
-14
🇺🇸 Turks · United States
830
-14
🇺🇸 Cumans · United States
753
-11
🇺🇸 Khmer · United States
610
-6
Dr. Fishy
5:53 Loom
12:51 Feudal Age
14:04 Double-Bit Axe
15:21 Wheelbarrow
14:32 Town Watch
18:57 Castle Age
22:16 Corvinian Army
27:08 Hand Cart
27:24 Bow Saw
27:04 Horse Collar
29:11 Heavy Plow
29:04 Gold Mining
29:07 Stone Mining
29:40 Bloodlines
29:31 Husbandry
29:43 Scale Barding Armor
34:16 Gold Shaft Mining
34:28 Fletching
34:38 Padded Archer Armor
35:13 Chain Barding Armor
37:12 Thumb Ring
37:03 Bodkin Arrow
43:52 Imperial Age
46:40 Hoardings
46:50 Leather Archer Armor
49:31 Town Patrol
49:33 Bracer
50:08 Plate Barding Armor
Thorin escudo de Roble
9:29 Feudal Age
15:31 Castle Age
14:06 Double-Bit Axe
14:53 Stone Mining
17:07 Wheelbarrow
22:02 Gold Mining
23:58 Hand Cart
25:45 Gold Shaft Mining
24:57 Horse Collar
26:15 Bow Saw
26:44 Fletching
27:42 Heavy Plow
27:54 Forging
31:16 Imperial Age
28:44 Gambesons
28:59 Squires
29:40 Forging
30:19 Scale Mail Armor
30:23 Pikeman
31:50 Iron Casting
31:31 Chain Mail Armor
32:18 Conscription
31:54 Capped Ram
32:59 Bloodlines
32:46 Halberdier
35:09 Bagains
36:23 Blast Furnace
37:42 Siege Engineers
37:58 Ballistics
38:12 Plate Mail Armor
38:36 Siege Ram
39:40 Husbandry
39:01 Cavalier
40:42 Stirrups
42:10 Scale Barding Armor
44:15 Chain Barding Armor
marshall_o18
0:40 Loom
10:08 Feudal Age
16:40 Castle Age
15:39 Double-Bit Axe
24:41 Imperial Age
24:20 Chemistry
JJCalmon
11:44 Feudal Age
15:00 Castle Age
13:12 Double-Bit Axe
13:52 Horse Collar
14:57 Wheelbarrow
16:34 Bow Saw
16:32 Heavy Plow
17:47 Hand Cart
20:40 Gold Mining
20:52 Stone Mining
24:34 Gold Shaft Mining
26:50 Scale Barding Armor
26:56 Forging
27:21 Husbandry
27:32 Bloodlines
27:45 Chain Barding Armor
28:22 Iron Casting
28:26 Light Cavalry
34:03 Imperial Age
34:24 Cavalier
36:20 Heavy Scorpion
36:37 Hussar
49:11 Conscription
48:57 Double Crossbow
Noobtoob
11:04 Feudal Age
11:53 Double-Bit Axe
15:59 Man-at-Arms
22:39 Wheelbarrow
29:22 Castle Age
32:52 Hand Cart
32:24 Pikeman
36:20 Arson
36:36 Squires
36:51 Capped Ram
37:47 Stone Mining
37:51 Gold Mining
38:16 Bow Saw
37:49 Horse Collar
43:57 Imperial Age
43:00 Gold Shaft Mining
44:47 Halberdier
48:43 Scale Mail Armor
48:49 Scale Barding Armor
48:54 Forging
48:35 Fletching
48:45 Padded Archer Armor
BigJ
12:06 Feudal Age
14:15 Loom
17:02 Castle Age
17:29 Wheelbarrow
21:37 Imperial Age
TheBoss2333
2:56 Loom
11:47 Feudal Age
10:42 Double-Bit Axe
11:14 Gold Mining
11:25 Horse Collar
12:47 Bow Saw
14:08 Heavy Plow
23:40 Castle Age
21:49 Scale Mail Armor
23:32 Gold Shaft Mining
23:50 Forging
25:02 Crop Rotation
25:08 Stone Mining
26:45 Two-Man Saw
26:05 Chain Mail Armor
29:28 Iron Casting
44:45 Pikeman
rod
11:16 Feudal Age
13:03 Double-Bit Axe
15:12 Wheelbarrow
14:22 Horse Collar
17:15 Gold Mining
20:31 Castle Age
21:12 Castle Age
22:29 Bloodlines
23:43 Gold Shaft Mining
23:01 Stone Mining
23:24 Husbandry
23:36 Scale Barding Armor
23:33 Scale Mail Armor
23:54 Forging
26:06 Bow Saw
27:30 Stone Shaft Mining
29:19 Hand Cart
28:52 Loom
32:12 Tusk Swords
39:03 Chain Barding Armor
44:53 Imperial Age
46:52 Elite Battle Elephant
Connection lost

Rejoining the realm…

Still unreachable

The connection could not be restored.

Session expired

The server has moved on; the page needs a fresh start.